 Dungeon Sprint DCSS version 0.21-a0-286-g6fcecc0 (webtiles) character file.

862 Deeps the Fighter (level 7, -5/68 (69) HPs)
             Began as a Minotaur Fighter on Sept 27, 2017.
             Slain by a tyrant leech (15 damage)
             ... in the Dungeon (Sprint II: "The Violet Keep of Menkaure").
             The game lasted 00:00:33 (68 turns).

Deeps the Fighter (Minotaur Fighter)                  Turns: 68, Time: 00:00:33

HP:   -5/68 (69)    AC:  9    Str: 23    XL:     7   Next: 72%
MP:   5/5           EV:  7    Int:  5    God:
Gold: 486           SH:  9    Dex:  9    Spells: 6/6 levels left

rFire    . . .     SeeInvis .   a - +0 war axe
rCold    . . .     Gourm    .   c - +0 shield
rNeg     . . .     Faith    .   b - +0 scale mail
rPois    .         Spirit   .   (helmet restricted)
rElec    .         Reflect  .   (no cloak)
rCorr    .         Harm     .   (no gloves)
MR       .....     NoTele   +   (no boots)
Stlth    ..........             (no amulet)
HPRegen  0.21/turn              (no ring)
MPRegen  0.09/turn              (no ring)

@: no status effects
A: retaliatory headbutt, horns 2, frail 1, low mp 1
a: no special abilities


You were in the Dungeon.
You were not hungry.

You visited 1 branch You collected 486 gold pieces.

Inventory:

Hand Weapons
 a - a +0 war axe (weapon)
Armour
 b - a +0 scale mail (worn)
 c - a +0 shield (worn)
Scrolls
 k - a scroll of blinking
Potions
 e - a potion of curing
 g - a potion of heal wounds
 h - a potion of haste
 i - 2 potions of magic
Comestibles
 f - a bread ration


   Skills:
 + Level 12.0 Fighting
 + Level 11.8 Axes
 + Level 12.0 Armour
 - Level 3.6 Shields


You had 6 spell levels left.
You didn't know any spells.

Dungeon Overview and Level Annotations

Branches:
Dungeon (1/1)

Altars:

Annotations:
D exclusion: ice statue


Innate Abilities, Weirdness & Mutations

You reflexively headbutt those who attack you in melee.
You have a pair of horns on your head.
You are frail. (-10% HP)
Your magical capacity is low. (-10% MP)


Message History

The tyrant leech is moderately wounded.
The tyrant leech bites you!!
The tyrant leech draws strength from your injuries!
You slash the tyrant leech!
The tyrant leech is heavily wounded.
Your shield and scale mail prevent you from hitting the tyrant leech.
You headbutt the tyrant leech.
The tyrant leech is heavily wounded.
You feel a little less mighty now. The tyrant leech bites you!
The tyrant leech draws strength from your injuries!
You slash the tyrant leech! You headbutt the tyrant leech.
The tyrant leech is almost dead.
The tyrant leech bites you!!
* * * LOW HITPOINT WARNING * * *
The tyrant leech draws strength from your injuries!
You hit the tyrant leech.
The tyrant leech is severely wounded.
The tyrant leech bites you!
You die...

## # ##.###+#
.##
#...##.##w..#
#.†.<@w#
#...##.##..$#
##.###'# .##
####.#### #
#.##..#
##...# ##'##
≈≈≈≈≈ +++#+++


You could see 2 tyrant leeches.

Vanquished Creatures
  4 neqoxecs (D)
  4 necrophages (D)
8 creatures vanquished.

Vanquished Creatures (others)
  A crocodile (D)
1 creature vanquished.

Grand Total: 9 creatures vanquished

Notes
Turn   | Place    | Note
-------+----------+-------------------------------------------
     0 | D        | Deeps the Minotaur Fighter began the quest for the Orb.
     0 | D        | Reached XP level 1. HP: 19/19 MP: 0/0
     1 | D        | Noticed a necrophage
     1 | D        | Noticed a necrophage
     1 | D        | Noticed a necrophage
     1 | D        | Noticed a necrophage
     9 | D        | Killed a necrophage
     9 | D        | Reached XP level 2. HP: 31/31 MP: 1/1
     9 | D        | Reached XP level 3. HP: 38/38 MP: 2/2
     9 | D        | Reached XP level 4. HP: 45/45 MP: 3/3
     9 | D        | Killed a crocodile
    12 | D        | Killed a necrophage
    12 | D        | Reached XP level 5. HP: 49/52 MP: 4/4
    15 | D        | Killed a necrophage
    17 | D        | Killed a necrophage
    17 | D        | Reached skill level 10 in Armour
    17 | D        | Reached XP level 6. HP: 60/65 MP: 5/5
    25 | D        | Noticed a neqoxec
    26 | D        | Noticed a neqoxec
    29 | D        | Gained mutation: Your magical capacity is low. (-10% MP) [a neqoxec]
    30 | D        | Killed a neqoxec
    30 | D        | Reached skill level 10 in Fighting
    30 | D        | Reached skill level 10 in Axes
    30 | D        | Gained mutation: You tend to lose your temper in combat. [a neqoxec]
    35 | D        | Killed a neqoxec
    35 | D        | Reached XP level 7. HP: 73/73 MP: 5/5
    37 | D        | Noticed a neqoxec
    37 | D        | Noticed a neqoxec
    43 | D        | Killed a neqoxec
    43 | D        | Gained mutation: You are frail. (-10% HP) [a neqoxec]
    44 | D        | Noticed an ice statue
    46 | D        | Lost mutation: You tend to lose your temper in combat. [a neqoxec]
    50 | D        | Killed a neqoxec
    61 | D        | Noticed a tyrant leech
    61 | D        | Noticed a tyrant leech
    68 | D        | Slain by a tyrant leech

Vault maps used:
D:        the_violet_keep_of_menkaure

Skill      XL: |  1  2  3  4  5  6  7 |
---------------+----------------------+-----
Fighting       | 6 8 9 11 12 | 12.0
Axes           | 6 7 9 11 | 11.8
Armour         | 6 8 10 11 12 | 12.0
Shields        | |  3.6

Action                   |  1- 3 |  4- 6 |  7- 9 || total
-------------------------+-------+-------+-------++-------
Melee: War axe           |     5 |    16 |    18 ||    39
       Headbutt          |     1 |     6 |     3 ||    10
  Use: Potion            |     1 |     1 |       ||     2
Armor: Scale mail        |     4 |     2 |     1 ||     7
Dodge: Dodged            |     1 |       |     2 ||     3
Block: Shield            |     3 |     5 |     4 ||    12

Table legend:
 A = Spawn XP
 B = Non-spawn XP
 C = Spawn XP percentage of total XP
 D = Spawn monster count
 E = Non-spawn monster count
 F = Spawn count percentage of total count
 G = Total turns spent on level
                    A         B        C        D         E        F      G
               +---------+---------+-------+---------+---------+-------+---------
         Total |       0 |    1232 |   0.0 |       0 |       8 |   0.0 |    68
               +---------+---------+-------+---------+---------+-------+---------
             D |       0 |    1232 |   0.0 |       0 |       8 |   0.0 |    68
               +---------+---------+-------+---------+---------+-------+---------
